 Dungeon Crawl Stone Soup version bcrawl-1.39.1 (webtiles) character file.

Game seed: 12563913458239651203

278633 Ananasrisotto the Destroyer (level 10, -4/56 HPs)
             Began as an Avariel Conjurer on Sept 24, 2023.
             Was an Elder of Sif Muna.
             Slain by a four-headed hydra (16 damage)
             ... on level 1 of the Lair of Beasts.
             The game lasted 00:44:02 (7842 turns).

Ananasrisotto the Destroyer (Avariel Conjurer)      Turns: 7842, Time: 00:44:03

Health: -4/56      AC:  4    Str:  7    XL:     10   Next: 16%
Magic:  10/24      EV: 16    Int: 24    God:    Sif Muna [****..]
Gold:   582        SH:  0    Dex: 16    Spells: 8/25 levels left

rFire    . . .     GDR:     31% t - +1 spear (freeze)
rCold    . . .     SeeInvis .   (no shield)
rNeg     . . .     Gourm    .   p - +0 leather armour
rPois    +         Faith    +   u - +0 helmet
rElec    .         Spirit   .   Q - scarf {clouds}
rCorr    .         Reflect  .   (no gloves)
MR       +....                  (no boots)
Stlth    ++........             E - amulet of faith
HPRegen  0.19/turn              o - +3 ring of dexterity
MPRegen  0.19/turn              q - ring of poison resistance

@: flying quickly and evasively, very slightly contaminated, quick
A: able to fly
a: Stop Flying, Divine Energy, Channel Magic, Forget Spell, Renounce Religion,
Evoke Fog


You were on level 1 of the Lair of Beasts.
You worshipped Sif Muna.
Sif Muna was greatly pleased with you.
You were very hungry.

You visited 3 branches of the dungeon, and saw 9 of its levels.
You also visited: Ossuary.

You collected 582 gold pieces.

Inventory:

Hand Weapons
 a - a +0 blowgun
 g - a +0 dagger
 t - a +1 spear of freezing (weapon)
 K - a +0 whip of flaming
Missiles
 s - 230 poisoned needles (quivered)
 N - 105 javelins
Armour
 d - a +0 cloak
 k - a +0 ring mail
 p - a +0 leather armour (worn)
 u - a +0 helmet (worn)
 Q - a scarf of clouds (worn)
Magical Staves
 D - an uncursed staff of cold
 L - an uncursed staff of air
 M - an uncursed staff of summoning
Jewellery
 i - an uncursed ring of insulation {unknown}
 o - a +3 ring of dexterity (left hand)
 q - a ring of poison resistance (right hand)
 E - an amulet of faith (around neck)
 H - an uncursed ring of stealth
 P - an uncursed amulet of regeneration
Wands
 I - a wand of acid (6)
 J - a wand of paralysis (2)
 O - a wand of random effects (10)
Scrolls
 h - 6 scrolls of enchant weapon
 l - 2 scrolls of remove curse
 m - 4 scrolls of revelation
 n - 2 scrolls of teleportation {unknown}
 r - a scroll of amnesia
 x - 5 scrolls of blinking
 y - 3 scrolls of enchant armour {unknown}
Potions
 b - a potion of invisibility {unknown}
 c - a potion of magic
 f - 4 potions of curing
 j - 3 potions of brilliance {unknown}
 v - 2 potions of agility
 w - a potion of flight {unknown}
 z - 2 potions of berserk rage
 A - 3 potions of heal wounds
 B - 2 potions of lignification {unknown}
 C - a potion of ambrosia {unknown}
 F - a potion of mutation {unknown}
 G - a potion of haste {unknown}
Comestibles
 e - 7 rations {!d}


   Skills:
 + Level 3.8 Fighting
 - Level 4.0 Armour
 - Level 4.0 Dodging
 - Level 4.0 Stealth
 - Level 8.0 Spellcasting
 - Level 10.0 Conjurations
 - Level 6.0 Hexes
 + Level 3.1 Transmutations
 + Level 3.8 Invocations
 - Level 4.0 Evocations


You had 8 spell levels left.
You knew the following spells:

 Your Spells              Type           Power        Failure   Level  Hunger
a - Magic Dart            Conj           ####         1%          1    None
b - Searing Ray           Conj           ######..     1%          2    None
c - Fulminant Prism       Conj/Hex       #####.....   3%          4    ###....
d - Irradiate             Conj/Tmut      #####.....   19%         5    #####..
e - Fireball              Conj/Fire      ####......   32%         5    #####..

Your spell library contained the following spells:

 Spells                   Type           Power        Failure   Level  Hunger
 Flame Tongue             Conj/Fire      ####.        1%          1    None
 Sting                    Conj/Pois      ####         1%          1    None
 Iskenderun's Mystic Bla  Conj           ######..     1%          3    None
 Conjure Flame            Conj/Fire      ####....     3%          3    None
 Inner Flame              Hex/Fire       N/A          9%          3    None
 Necrotize                Necr           #.....       10%         1    None
 Sticky Flame             Conj/Fire      ####....     12%         4    ###....
 Flaming Arrows           Chrm/Fire      #.......     14%         2    None
 Spider Form              Tmut/Pois      ###          16%         3    None
 Vampiric Draining        Necr           #.........   28%         3    None
 Agony                    Necr           #.......     67%         4    ###....
 Animate Dead             Necr           N/A          67%         4    ###....
 Dispel Undead            Necr           #.......     95%         5    #####..
 Infestation              Hex/Tmut/Pois  ###......    99%         6    ######.


Dungeon Overview and Level Annotations

Branches:
Dungeon (7/12)             Temple (1/1) D:4            Lair (1/6) D:7

Altars:
Ashenzari
Cheibriados
Dithmenos
Elyvilon
Fedhas
Gozag
Hepliaklqana
Kikubaaqudgha
Lugonu
Makhleb
Nemelex Xobeh
Okawaru
Qazlal
Ru
Sif Muna
Trog
Uskayaw
Vehumet
Wu Jian
Xom
Yredelemnul
Zin
The Shining One


Innate Abilities, Weirdness & Mutations

You can fly continuously.


Message History

You conjure a prism of explosive energy!
The four-headed hydra bites you. x2; The four-headed hydra bites you!
The four-headed hydra bites you.
As you read the scroll labeled COPHOAQOTA, it crumbles to dust.
It is a scroll of amnesia.
Really abort (and waste the scroll)? [Y]es or [N]o only, please.
Really abort (and waste the scroll)? [Y]es or [N]o only, please.
Really abort (and waste the scroll)? [Y]es or [N]o only, please.
Really abort (and waste the scroll)? [Y]es or [N]o only, please.
Really abort (and waste the scroll)?
Okay, then.
The four-headed hydra bites you!
* * * LOW HITPOINT WARNING * * *
The four-headed hydra barely misses you.
The four-headed hydra bites you!
You die...

##... ##
####.#... ..
.........
####P
#...$....
+............
#....^#....#
+.........*#
#@D..#
#..........#
#.....#....#
.######)...#
.....# .....#
....?P
......##


You could see a four-headed hydra and a friendly fulminant prism.

Vanquished Creatures
  Pikel (D:5)
  A troll (D:7)
  Grinder (D:5)
  A yak (D:7)
  2 basilisks (D:7)
  Menkaure (D:5)
  Duvessa (D:5)
  A water moccasin (D:6)
  3 ice beasts
  2 slaves (D:6)
  4 ogres
  A phantom (D:7)
  An elf zombie (Ossuary)
  3 bullfrogs
  Blork the orc (D:5)
  2 centaurs
  Dowan (D:5)
  3 orc priests
  3 crimson imps
  A bullfrog zombie (D:6)
  A quasit (D:5)
  4 human zombies (Ossuary)
  A jelly (D:4)
  A hound (D:4)
  An iguana (D:5)
  3 orc wizards
  A worker ant (D:7)
  3 hound zombies
  2 mummies (Ossuary)
  2 worker ant zombies
  Robin (D:3)
  5 adders
  An ooze (D:7)
  3 adder zombies
  A worm (D:2)
  3 dart slugs (D:1)
  4 leopard geckos
  9 orcs
  2 ball pythons (D:2)
  9 bats
  4 giant cockroaches
  19 goblins
  15 hobgoblins
  6 jackals (D:4)
  11 kobolds
  7 quokkas
  2 frilled lizards
  2 goblin zombies (Ossuary)
  12 hobgoblin zombies (Ossuary)
  A jackal zombie (Ossuary)
  8 kobold zombies (Ossuary)
  8 orc zombies (Ossuary)
  A quokka skeleton (D:2)
  3 rats
190 creatures vanquished.

Vanquished Creatures (others)
  A howler monkey zombie (D:6)
  An adder skeleton (D:6)
  40 fulminant prisms
42 creatures vanquished.

Grand Total: 232 creatures vanquished

Notes
Turn   | Place    | Note
-------+----------+-------------------------------------------
     0 | D:1      | Ananasrisotto the Avariel Conjurer began the quest for the
                  | Orb.
     0 | D:1      | Reached XP level 1. HP: 10/10 MP: 6/6
   338 | D:1      | Reached XP level 2. HP: 15/15 MP: 2/7
   587 | D:1      | Reached XP level 3. HP: 19/19 MP: 7/9
   834 | D:1      | Got a faintly glowing silver amulet
   970 | D:1      | Identified the amulet of the Spinneret {Inacc MR+} (You
                  | found it on level 1 of the Dungeon)
  1015 | D:2      | Found a corrupted altar of Lugonu.
  1052 | D:2      | Learned a level 2 spell: Searing Ray
  1168 | D:2      | Found a white marble altar of Elyvilon.
  1220 | D:2      | Found a glowing golden altar of the Shining One.
  1368 | D:2      | Reached XP level 4. HP: 24/24 MP: 6/11
  1856 | D:3      | Noticed Robin
  1956 | D:2      | Reached skill level 6 in Conjurations
  1993 | D:2      | Learned a level 4 spell: Fulminant Prism
  2002 | D:3      | Reached XP level 5. HP: 28/28 MP: 11/13
  2143 | D:3      | Killed Robin
  2204 | D:3      | Reached XP level 6. HP: 33/33 MP: 12/14
  2260 | D:3      | Reached skill level 1 in Fighting
  2260 | D:3      | Reached skill level 1 in Armour
  2260 | D:3      | Reached skill level 1 in Evocations
  2423 | D:3      | Found a burning altar of Makhleb.
  2500 | D:3      | Found a hazy altar of Hepliaklqana.
  2657 | D:3      | Found an iron altar of Okawaru.
  2817 | D:4      | Found a sand-covered staircase.
  2827 | Ossuary  | Entered an ossuary
  3382 | Ossuary  | Reached XP level 7. HP: 27/40 MP: 1/15
  3438 | Ossuary  | HP: 1/40 [human zombie (6)]
  4081 | D:4      | Reached skill level 1 in Hexes
  4144 | D:4      | Found a staircase to the Ecumenical Temple.
  4166 | Temple   | Entered the Ecumenical Temple
  4173 | Temple   | Became a worshipper of Sif Muna the Loreminder
  4237 | D:4      | Found a bloodstained altar of Trog.
  4572 | D:5      | Entered Level 5 of the Dungeon
  4617 | D:4      | Reached XP level 8. HP: 36/44 MP: 12/16
  4872 | D:5      | Noticed Menkaure
  4879 | D:5      | Killed Menkaure
  4880 | D:5      | Reached * piety under Sif Muna
  4880 | D:5      | Reached skill level 5 in Spellcasting
  4880 | D:5      | Reached skill level 7 in Conjurations
  5076 | D:5      | Identified Mugg's Handbook of Toxins (Sif Muna gifted it to
                  | you on level 5 of the Dungeon)
  5076 | D:5      | Received a gift from Sif Muna
  5089 | D:5      | Learned a level 5 spell: Irradiate
  5154 | D:5      | Noticed Duvessa
  5168 | D:5      | Killed Duvessa
  5220 | D:5      | Reached ** piety under Sif Muna
  5341 | D:5      | Noticed Dowan
  5375 | D:5      | Killed Dowan
  5495 | D:5      | Noticed Grinder
  5505 | D:5      | Killed Grinder
  5506 | D:5      | Reached skill level 8 in Conjurations
  5506 | D:5      | Gained mutation: You can fly continuously. [Avariel growth]
  5506 | D:5      | Reached XP level 9. HP: 48/48 MP: 4/20
  5563 | D:5      | Reached skill level 5 in Hexes
  5682 | D:5      | Noticed Blork the orc
  5689 | D:5      | Killed Blork the orc
  5778 | D:5      | Found a sacrificial altar of Ru.
  5998 | D:6      | Reached *** piety under Sif Muna
  6106 | D:6      | Noticed Pikel
  6129 | D:5      | Killed Pikel
  6130 | D:5      | Reached skill level 9 in Conjurations
  6306 | D:6      | Found an opulent altar of Gozag.
  6311 | D:6      | Reached skill level 10 in Conjurations
  6558 | D:6      | Reached **** piety under Sif Muna
  6589 | D:6      | Found a basalt altar of Yredelemnul.
  6603 | D:6      | Found a radiant altar of Vehumet.
  6603 | D:6      | Found a shattered altar of Ashenzari.
  6612 | D:6      | Learned a level 5 spell: Fireball
  6620 | D:6      | Found a blossoming altar of Fedhas.
  6817 | D:7      | Reached skill level 1 in Invocations
  6958 | D:7      | Reached skill level 1 in Transmutations
  7170 | D:7      | Reached XP level 10. HP: 56/56 MP: 16/24
  7413 | D:7      | Found a staircase to the Lair.
  7836 | Lair:1   | Entered Level 1 of the Lair of Beasts
  7836 | Lair:1   | Noticed a four-headed hydra
  7842 | Lair:1   | Slain by a four-headed hydra

Skill      XL: |  1  2  3  4  5  6  7  8  9 10 |
---------------+-------------------------------+-----
Spellcasting   | 3 4 6 8 |  8.0
Dodging        | 3 4 |  4.0
Stealth        | 3 4 |  4.0
Conjurations   | 6 8 10 | 10.0
Fighting       | 2 3 |  3.8
Armour         | 2 4 |  4.0
Evocations     | 3 4 |  4.0
Hexes          | 1 4 6 |  6.0
Invocations    | 2 3 |  3.8
Transmutations | 2 3 |  3.1

Action                   |  1- 3 |  4- 6 |  7- 9 | 10-12 || total
-------------------------+-------+-------+-------+-------++-------
Melee: Dagger            |     1 |     7 |       |       ||     8
       Spear             |       |       |    29 |       ||    29
 Cast: Magic Dart        |    72 |   145 |   111 |     3 ||   331
       Searing Ray       |     1 |    16 |    28 |     2 ||    47
       Fulminant Prism   |       |       |    33 |     8 ||    41
  Use: Scroll            |     1 |     1 |     7 |     1 ||    10
       Potion            |       |       |     2 |       ||     2
 Stab: Sleeping          |       |     1 |       |       ||     1
  Eat: Chunk             |     3 |     7 |    13 |     1 ||    24
       Ration            |       |       |     3 |       ||     3
Armor: Leather armour    |       |     6 |    17 |       ||    23
Dodge: Dodged            |     5 |    51 |    56 |     4 ||   116
